 Dungeon Crawl Stone Soup version 0.23-a0-14-g8c9a20f (console) character file.

65 Hector the Firebug (level 3, -4/14 HPs)
             Began as a Felid Fire Elementalist on Aug 2, 2018.
             Hit by a tomahawk thrown by an orc (6 damage)
             ... on level 3 of the Dungeon.
             The game lasted 00:07:54 (2766 turns).

Hector the Firebug (Felid Fire Elementalist)        Turns: 2766, Time: 00:07:54

Health: -4/14      AC:  1    Str:  4    XL:     3   Next: 92%
Magic:  4/7        EV: 18    Int: 17    God:
Gold:   139        SH:  0    Dex: 16    Spells: 2/6 levels left
                                        Lives:  0   Deaths: 0

rFire    . . .     SeeInvis +   (weapon unavailable)
rCold    . . .     Gourm    .   (shield unavailable)
rNeg     . . .     Faith    .   (armour unavailable)
rPois    .         Spirit   .   (helmet unavailable)
rElec    .         Reflect  .   (cloak unavailable)
rCorr    .         Harm     .   (gloves unavailable)
MR       .....                  (boots unavailable)
Stlth    +++.......             q - amulet of magic regeneration
HPRegen  0.04/turn              g - -3 ring of slaying (curse)
MPRegen  0.35/turn              n - ring of flight

@: very slightly contaminated, quick
A: very small, no armour, no weapons or thrown items, stealth, claws 1, fangs 3,
see invisible, carnivore, speed 1, shaggy fur 1, slow metabolism 1, sharp paws
a: Evoke Flight


You were on level 3 of the Dungeon.
You were completely stuffed.

You visited 1 branch of the dungeon, and saw 3 of its levels.

You collected 139 gold pieces.

Inventory:

Missiles
 d - 51 stones
Jewellery
 f - an uncursed ring of positive energy
 g - a cursed -3 ring of slaying (left paw)
 n - a ring of flight (right paw)
 q - an amulet of magic regeneration (around neck)
Scrolls
 a - 3 scrolls of enchant weapon {unknown}
 e - 5 scrolls of identify {unknown}
 h - 2 scrolls of magic mapping {unknown}
 i - a scroll of blinking {unknown}
 l - a scroll of fear {unknown}
 p - a scroll of immolation {unknown}
 t - a scroll of amnesia {unknown}
 u - a scroll of teleportation {unknown}
Potions
 c - a potion of degeneration {unknown}
 j - 2 potions of heal wounds {unknown}
 k - 3 potions of agility {unknown}
 m - 2 potions of curing {unknown}
 o - 2 potions of flight {unknown}
 r - a potion of invisibility {unknown}
Comestibles
 b - 5 rations
 s - 2 chunks of flesh


   Skills:
 + Level 2.9 Dodging
 + Level 3.3 Stealth
 - Level 0.4 Unarmed Combat
 + Level 2.4 Spellcasting
 * Level 1.7 Conjurations
 + Level 3.4 Fire Magic


You had 2 spell levels left.
You knew the following spells:

 Your Spells              Type           Power        Failure   Level  Hunger
a - Flame Tongue          Conj/Fire      ##...        6%          1    #......
f - Conjure Flame         Conj/Fire      ##......     19%         3    ###....

Your spell library contained the following spells:

 Spells                   Type           Power        Failure   Level  Hunger
 Fireball                 Conj/Fire      ##........   87%         5    ######.
 Throw Flame              Conj/Fire      ##....       10%         2    ##.....
 Sticky Flame             Conj/Fire      ##......     54%         4    #####..
 Inner Flame              Hex/Fire       #.......     28%         3    ###....


Dungeon Overview and Level Annotations

Branches:
Dungeon (3/15)

Altars:
Elyvilon

Annotations:
D:3 Ijyb


Innate Abilities, Weirdness & Mutations

You cannot wear armour.
You are incapable of wielding weapons or throwing items.
Your paws allow you to move quietly. (Stealth)
You have sharp claws.
You have razor-sharp teeth.
You have supernaturally acute eyesight. (SInv)
You are carnivorous and can eat meat at any time.
You cover ground quickly.
You are covered in fur. (AC +1)
You have a slow metabolism.
Your sharp claws are effective at attacking unaware monsters.


Message History

The orc misses you.
Casting: Flame Tongue (safe; 6% risk of failure)
Confirm with . or Enter, or press ? or * to list all spells.
Aiming: Flame Tongue (safe; 6% risk of failure)
Press: ? - help, Shift-Dir - straight line, f - orc, p - orc
Aim: an orc, wielding a whip (heavily wounded)
The flame tongue hits the orc.
You kill the orc!
Casting: Flame Tongue (safe; 6% risk of failure)
Confirm with . or Enter, or press ? or * to list all spells.
Aiming: Flame Tongue (safe; 6% risk of failure)
Press: ? - help, Shift-Dir - straight line, f - orc
Aim: an orc, wielding a morningstar The flame tongue hits the orc.
The orc is moderately wounded.
The orc hits you with a morningstar!
Ouch! That really hurt!
* * * LOW HITPOINT WARNING * * *
The orc throws a tomahawk.
The tomahawk hits you.
You die...

###.##.##..###.##....
#.......>......#.....
#.##......#####......
#.##.#..#.##.........
#.##....#.##.........
#.##.##.#.##.........
#.##.##.#.##.........
#.........##.....#...
####@##############..
#.# ### #o# #.# #.#
#......o# ####.#.#o #


You could see an orc.

Vanquished Creatures
  An ooze (D:3)
  A worm (D:3)
  2 dart slugs
  A leopard gecko (D:1)
  2 orcs
  14 bats
  8 goblins (D:1)
  4 hobgoblins
  5 kobolds
  A quokka (D:2)
  4 frilled lizards
  7 rats
50 creatures vanquished.

Notes
Turn   | Place    | Note
-------+----------+-------------------------------------------
     0 | D:1      | Hector the Felid Fire Elementalist began the quest for the Orb.
     0 | D:1      | Reached XP level 1. HP: 7/7 MP: 4/4
   127 | D:1      | Reached skill level 1 in Conjurations
   429 | D:1      | Reached XP level 2. HP: 11/11 MP: 3/6
  1145 | D:1      | Reached XP level 3. HP: 14/14 MP: 5/7
  1150 | D:1      | Learned a level 3 spell: Conjure Flame
  1444 | D:2      | Found a white marble altar of Elyvilon.
  2710 | D:3      | Noticed Ijyb
  2766 | D:3      | Hit by a tomahawk thrown by an orc

Vault maps used:
D:1:      arrival_zaba_pyramid
D:2:      elyvilon_altar_4, minmay_misc_feat_four_crosses
D:3:      uniq_terence, uniq_ijyb

Skill      XL: |  1  2 |
---------------+-------+-----
Conjurations   | 1 |  1.7
Stealth        | 3 |  3.3
Fire Magic     | 3 |  3.4
Dodging        | |  2.9
Unarmed Combat | |  0.4
Spellcasting   | |  2.4

Action                   || total
-------------------------++-------
Melee: Unarmed           ||    10
 Cast: Flame Tongue      ||    89
  Eat: Chunk             ||    12
Armor: Skin              ||     5
Dodge: Dodged            ||    35

Table legend:
 A = Spawn XP
 B = Non-spawn XP
 C = Spawn XP percentage of total XP
 D = Spawn monster count
 E = Non-spawn monster count
 F = Spawn count percentage of total count
 G = Total turns spent on level
                    A         B        C        D         E        F      G
               +---------+---------+-------+---------+---------+-------+---------
         Total |       0 |      93 |   0.0 |       0 |      50 |   0.0 |  2766
               +---------+---------+-------+---------+---------+-------+---------
           D:1 |       0 |      44 |   0.0 |       0 |      26 |   0.0 |  1288
           D:2 |       0 |      30 |   0.0 |       0 |      18 |   0.0 |  1327
           D:3 |       0 |      19 |   0.0 |       0 |       6 |   0.0 |   151
               +---------+---------+-------+---------+---------+-------+---------
